 Dungeon Crawl Stone Soup version 0.27-a0-1281-ge233d83751 (webtiles) character file.

Game seed: 6604121432159900082

11 Delamore the Shield-Bearer (level 2, 0/24 HPs)
             Began as a Formicid Fighter on June 14, 2021.
             Slain by a hobgoblin (4 damage)
             ... on level 1 of the Dungeon.
             The game lasted 00:00:18 (98 turns).

Delamore the Shield-Bearer (Formicid Fighter)         Turns: 98, Time: 00:00:18

Health: 0/24       AC:  6    Str: 20    XL:     2   Next: 40%
Magic:  2/2        EV:  7    Int:  7    God:
Gold:   0          SH:  9    Dex: 10    Spells: 1/1 levels left

rFire    . . .     SeeInvis +   a - +0 trident
rCold    . . .     Faith    .   c - +0 kite shield
rNeg     . . .     Spirit   .   b - +0 scale mail
rPois    .         Reflect  .   (helmet unavailable)
rElec    .         Harm     .   (no cloak)
rCorr    .         Rampage  .   (no gloves)
Will     .....                  (no boots)
Stlth    ..........             (no amulet)
HPRegen  0.08/turn              (no ring)
MPRegen  0.08/turn              (no ring)

@: no status effects
A: permanent stasis, dig shafts and tunnels, antennae 3, four strong arms
a: Dig, Shaft Self


You were on level 1 of the Dungeon.
You visited 1 branch of the dungeon, and saw 1 of its levels.

Inventory:

Hand Weapons
 a - a +0 trident (weapon)
Armour
 b - a +0 scale mail (worn)
 c - a +0 kite shield (worn)
Potions
 d - a potion of might


   Skills:
 + Level 3.5 Fighting
 * Level 2.6 Polearms
 - Level 3.2 Armour
 - Level 3.6 Shields


You had one spell level left.
You didn't know any spells.
Your spell library was empty.

Dungeon Overview and Level Annotations

Branches:
Dungeon (1/15)

Altars:


Innate Abilities, Weirdness & Mutations

You cannot be hasted, slowed, berserked, paralysed or teleported.
You can dig through walls and to a lower floor.
You have a pair of large antennae on your head. (SInv)
Your four strong arms can wield two-handed weapons with a shield.


Message History

You block the ball python's attack. The ball python constricts you.
You block the ball python's attack. The ball python constricts you.
You hit the ball python.
You kill the ball python!
The jackal bites you but does no damage.
You hit the jackal but do no damage. You block the jackal's attack.
The jackal bites you.
You barely miss the jackal. You block the jackal's attack. x2
You miss the jackal.
The jackal bites you but does no damage. x2
You hit the jackal but do no damage. You block the jackal's attack.
The jackal bites you.
* * * LOW HITPOINT WARNING * * *
You closely miss the jackal.
The jackal bites you but does no damage.
The jackal bites you.
* * * LOW HITPOINT WARNING * * *
You miss the jackal. You block the jackal's attack.
You barely miss the jackal. The jackal barely misses you.
You block the jackal's attack.
Your scale mail prevents you from hitting the jackal.
The jackal barely misses you. You block the jackal's attack.
You hit the jackal.
The jackal is heavily wounded.
The jackal bites you but does no damage.
You block the jackal's attack.
You closely miss the jackal.
The jackal is heavily wounded.
You block the jackal's attack. x2
You barely miss the jackal.
The jackal is heavily wounded.
You block the jackal's attack.
The jackal bites you but does no damage.
You hit the jackal.
You kill the jackal!
The goblin hits you but does no damage.
You puncture the goblin!
You kill the goblin!
The hobgoblin hits you.
You die...

#########.#...........
#.............
#............#
#...........#
#..###†.....##
#..###........
#......#......
####h.....#......
##@##g.....#......
#g###.............
##.#.#....#####...
###########.#..#####
...
##.....#............# {
#.P...P.............#
#...................#
+...<....######.###....
#...)....# #.# ....


You could see a hobgoblin.

Vanquished Creatures
  A ball python (D:1)
  3 goblins (D:1)
  4 jackals (D:1)
  2 bats (D:1)
  A rat (D:1)
11 creatures vanquished.

Notes
Turn   | Place    | Note
-------+----------+-------------------------------------------
     0 | D:1      | Delamore the Formicid Fighter began the quest for the Orb.
     0 | D:1      | Reached XP level 1. HP: 18/18 MP: 1/1
    75 | D:1      | Reached XP level 2. HP: 9/24 MP: 2/2
    98 | D:1      | Slain by a hobgoblin

Illustrated notes

Levels and vault maps discovered:
D:1:      dpeg_arrival_orchard, layout_basic

Action                   || total
-------------------------++-------
Melee: Trident           ||    43
 Abil: Dig               ||     1
Armor: Scale mail        ||    26
Dodge: Dodged            ||    13
Block: Kite shield       ||    41

Table legend: (Time is in decaauts)
 A = Elapsed time spent in this place.
 B = Non-inter-level travel time spent in this place.
 C = Inter-level travel time spent in this place.
 D = Time resting spent in this place.
 E = Time spent auto-exploring this place.
 F = Levels seen in this place.
 G = Mean time per level.
                   A        B        C        D        E       F      G
               +--------+--------+--------+--------+--------+-----+--------+
         Total |    114 |    114 |      0 |      0 |     32 |   1 |  114.0 |
       Dungeon |    114 |    114 |      0 |      0 |     32 |   1 |  114.0 |
               +--------+--------+--------+--------+--------+-----+--------+

Top non-repeatable levels by time:
     D:1: 114 daAuts
